 Dungeon Crawl Stone Soup version 0.30-a0-808-g6e0788376e (webtiles) character file.

Game seed: 8918457090487884488

5307 browni3141 the Spear-Bearer (level 10, -8/70 HPs)
             Began as a Human Enchanter on Feb 26, 2023.
             Was a Follower of Nemelex Xobeh.
             Mangled by a sixfirhy (9 damage)
             ... on level 9 of the Dungeon.
             The game lasted 00:30:58 (11052 turns).

browni3141 the Spear-Bearer (Human Enchanter)      Turns: 11052, Time: 00:30:58

Health: -8/70      AC:  7    Str:  8    XL:     10   Next: 95%
Magic:  14/14      EV: 18    Int: 21    God:    Nemelex Xobeh [*.....]
Gold:   504        SH:  0    Dex: 13    Spells: 0/15 levels left

rFire   . . .      SeeInvis .    N - +4 halberd
rCold   . . .      Faith    .    (shield currently unavailable)
rNeg    . . .      Spirit   .    o - +0 troll leather armour
rPois   .          Reflect  .    s - +0 helmet
rElec   .          Harm     .    C - +0 cloak
rCorr   .          Rampage  .    L - +0 pair of gloves
Will    +....                    (no boots)
Stlth   +++                      (no amulet)
HPRegen 1.11/turn                e - ring of willpower
MPRegen 0.14/turn                M - +5 ring of evasion

@: about to teleport, marked
A: no striking features
a: Renounce Religion, Draw Escape, Draw Destruction, Draw Summoning


You were on level 9 of the Dungeon.
You worshipped Nemelex Xobeh.
Nemelex Xobeh was aware of your devotion.
You visited 2 branches of the dungeon, and saw 10 of its levels.
You also visited: Ossuary.

You collected 504 gold pieces.

Inventory:

Hand Weapons
 w - a +0 trident
 N - a +4 halberd (weapon)
Armour
 b - a +0 robe
 o - a +0 troll leather armour (worn)
 s - a +0 helmet (worn)
 C - a +0 cloak (worn)
 L - a +0 pair of gloves (worn)
Jewellery
 e - a ring of willpower (left hand)
 l - a ring of see invisible
 F - a ring of ice
 M - a +5 ring of evasion (right hand)
Wands
 h - a wand of charming (4)
 A - a wand of flame (10)
 D - a wand of mindburst (6)
 H - a wand of digging (4)
Scrolls
 d - 3 scrolls of enchant weapon
 f - 5 scrolls of teleportation
 g - a scroll of blinking
 i - 2 scrolls of identify
 j - a scroll of vulnerability
 n - a scroll of fog
 p - 3 scrolls of enchant armour
 q - a scroll of amnesia
 u - a scroll of poison
 y - 2 scrolls of silence
 z - a scroll of fear
 B - a scroll of torment {unknown}
 K - a scroll of acquirement {unknown}
 P - 2 scrolls of immolation {unknown}
 Q - a scroll of noise {unknown}
Potions
 a - a potion of curing
 c - 2 potions of invisibility
 k - 7 potions of heal wounds
 m - 5 potions of might
 r - 4 potions of berserk rage
 t - a potion of brilliance {unknown}
 v - 3 potions of degeneration
 E - a potion of ambrosia
 G - 3 potions of lignification
 I - 2 potions of attraction
 J - 2 potions of mutation
 O - 3 potions of haste {unknown}


   Skills:
 + Level 3.3 Fighting
 - Level 1.0 Short Blades
 * Level 8.7 Polearms
 + Level 4.8 Dodging
 - Level 5.0 Stealth
 - Level 3.0 Spellcasting
 * Level 4.2 Conjurations
 * Level 8.2 Hexes
 - Level 2.0 Ice Magic
 * Level 4.1 Invocations
 - Level 3.0 Evocations


You couldn't memorise any spells.
You knew the following spells:

 Your Spells              Type           Power      Damage    Failure   Level
a - Ensorcelled Hibernat  Hex/Ice        48%        N/A       3%          2
b - Confusing Touch       Hex            37%        N/A       1%          3
c - Tukima's Dance        Hex            37%        N/A       1%          3
d - Dazzling Flash        Conj/Hex       58%        N/A       4%          3
e - Fulminant Prism       Conj/Hex       14%        3d9       16%         4

Your spell library contained the following spells:

 Spells                   Type           Power      Damage    Failure   Level
 Magic Dart               Conj           80%        1d7       3%          1
 Cause Fear               Hex            18%        N/A       7%          4
 Freeze                   Ice            44%        1d6       9%          1
 Inner Flame              Hex/Fire       20%        N/A       11%         3
 Portal Projectile        Hex/Tloc       40%        N/A       11%         3
 Apportation              Tloc           6%         N/A       19%         1
 Beastly Appendage        Tmut           6%         N/A       19%         1
 Necrotise                Necr           12%        1d4       19%         1
 Sting                    Tmut/Pois      12%        1d3       19%         1
 Summon Small Mammal      Summ           12%        N/A       19%         1
 Call Imp                 Summ           3%         N/A       28%         2
 Wereblood                Tmut           3%         N/A       28%         2
 Mephitic Cloud           Conj/Pois/Air  9%         N/A       32%         3
 Leda's Liquefaction      Hex/Erth       10%        N/A       34%         4
 Call Canine Familiar     Summ           3%         N/A       50%         3
 Kindle Blastsparks       Fire/Tloc/Air  6%         2d10      50%         3
 Spider Form              Tmut/Pois      3%         N/A       50%         3
 Iskenderun's Mystic Bla  Conj/Tloc      12%        2d5       63%         4
 Lee's Rapid Deconstruct  Erth           1%         3d4*      99%         5
 Discord                  Hex            18%        N/A       100%        8


Dungeon Overview and Level Annotations

Branches:
Dungeon (9/15)             Temple (1/1) D:4         Ossuary (visited)
   Lair: D:8-11         Orc: D:9-12

Altars:
Ashenzari
Cheibriados
Dithmenos
Elyvilon
Fedhas
Gozag
Hepliaklqana
Kikubaaqudgha
Makhleb
Nemelex Xobeh
Okawaru
Qazlal
Sif Muna
Trog
Uskayaw
Vehumet
Wu Jian
Xom
Yredelemnul
Zin
The Shining One

Annotations:
D:2 Demosthentine's ghost, amateur DsGl
D:3 1 runed translucent door
D:7 3 runed translucent doors, Darius099's ghost, novice MiFi
D:9 Harold


Message History

The yak looks drowsy...
You hear a zap.
You hear a grinding noise.
You hear the creaking of a very distant portcullis.
The orc priest mumbles some strange prayers to Beogh against you.
Beogh smites you!
Harold the Weathered comes into view.
He is wielding a +0 dire flail and carrying a wand of digging (4).
Harold gestures at you while chanting. A sentinel's mark forms upon you.
Found a stone staircase leading down.
A sixfirhy comes into view.
Found 19 gold pieces.
As you read the scroll of teleportation, it crumbles to dust.
You feel strangely unstable.
The sixfirhy hits you but does no damage.
The sixfirhy hits you! The sixfirhy shocks you!
Okay, then.
Unknown command.
The sixfirhy barely misses you. The sixfirhy completely misses you.
You hear a zap.
Some rock shatters into small pieces.
The sixfirhy hits you! The sixfirhy shocks you!
An orc priest comes into view. It is wielding a +0 club.
Your surroundings seem slightly different.
The orc priest misses you.
The orc priest moves out of view.
The orc priest attacks as you move away!
The orc priest misses you.
Harold considers, "I think I'll use your bounty to get a nice plot of land..."
As you read the scroll of teleportation, it crumbles to dust.
You feel strangely unstable. The orc priest closely misses you.
You hear a zap.
You hear a grinding noise.
An orc wizard comes into view. It is wielding a +0 dagger. x2
You puncture the orc priest!
The orc priest is almost dead.
The sixfirhy hits you! The sixfirhy shocks you!
* * * LOW HITPOINT WARNING * * *
The yak misses you. The sixfirhy hits you!
* * * LOW HITPOINT WARNING * * *
The sixfirhy shocks you!
You die...
Your body glows slightly and disappears.

..,........................>...#*
..,.....................###......
##*#######.###.#.......####..#.##
******* #.............o.......$..
,,,,..###..###.#..#o...#.##.##...
*,,.............YY.Y.....#*,*,.o#
***###.........oT#@......#*,*,,.#
*,...##....##.#3Y#......#*,,,,,*
*,..,*##......#@##.....'..,',,,'
*,.,,* ######...##.........*,,,*
**,,,,******###.o##.......#.*,,,*
,',,,,'**.....##........'..,,,,,,
**,,,,**,.._...#.........#*,,,,,,
**,,,,**,......#..#####.***,**,,*
,,,,,,,*+##+##+#..# **,** *,**,,*
,,,,,,,*,**,**,#..#**,*****,,,,,,
,,,,,,,*+**+**+#..#*,***,,,,,,,,,


You could see Harold, 4 yaks, a troll, a sixfirhy, an orc priest, 2 orc wizards
and an orc.

Vanquished Creatures
  A kobold demonologist (D:9)
  A troll (D:6)
  A wraith (D:9)
  2 wyverns
  Eustachio (D:5)
  2 steam dragons (D:7)
  Menkaure (D:7)
  A water moccasin (D:7)
  An orc warrior (D:8)
  A sky beast (D:7)
  A black bear (D:4)
  An ogre (D:6)
  5 centaurs
  A phantom (D:5)
  3 kobold brigands
  3 bullfrogs
  A necrophage (D:5)
  A gnoll sergeant (D:7)
  5 scorpions
  3 killer bees (D:7)
  6 hounds
  2 jellies
  4 orc priests
  An iron imp (D:7)
  Jessica (D:2)
  2 iguanas
  6 orc wizards
  11 mummies (Ossuary)
  3 gnolls
  8 adders
  A river rat (D:2)
  3 white imps (D:5)
  3 ufetubi
  2 worms
  5 dart slugs
  22 orcs
  7 ball pythons
  5 endoplasms
  5 giant cockroaches
  8 goblins
  12 hobgoblins
  24 kobolds
  5 quokkas
  3 bats
  3 frilled lizards (D:2)
  4 gnoll skeletons (Ossuary)
  A goblin skeleton (Ossuary)
  3 orc skeletons (Ossuary)
  6 rats
  11 rat skeletons (Ossuary)
213 creatures vanquished.

Vanquished Creatures (collateral kills)
  A wyvern (D:9)
  A steam dragon (D:9)
  Edmund (D:6)
  An ogre (D:3)
  A kobold brigand (D:3)
  4 wights (D:7)
  2 orc priests (D:6)
  Terence (D:2)
  2 orc wizards
  A gnoll (D:7)
  An adder (D:3)
  5 orcs
  2 kobolds
23 creatures vanquished.

Vanquished Creatures (others)
  5 dancing weapons
  An ogre (D:6)
  A gnoll (D:7)
  4 demonic plants (D:9)
  A fungus (D:7)
  4 plants
16 creatures vanquished.

Grand Total: 252 creatures vanquished

Notes
Turn   | Place    | Note
-------+----------+-------------------------------------------
     0 | D:1      | browni3141 the Human Enchanter began the quest for the Orb.
     0 | D:1      | Reached XP level 1. HP: 13/13 MP: 3/3
    63 | D:1      | Reached skill level 1 in Fighting
   280 | D:1      | Reached XP level 2. HP: 17/21 MP: 5/5
   331 | D:1      | Reached skill level 1 in Ice Magic
   381 | D:1      | Learned a level 2 spell: Ensorcelled Hibernation
   829 | D:2      | Reached XP level 3. HP: 26/26 MP: 6/6
  1097 | D:1      | Learned a level 3 spell: Confusing Touch
  1442 | D:2      | Noticed Jessica
  1460 | D:2      | Killed Jessica
  1461 | D:2      | Reached XP level 4. HP: 16/32 MP: 0/7
  1546 | D:2      | Noticed Terence
  1833 | D:3      | Found an opulent altar of Gozag.
  1865 | D:3      | Learned a level 3 spell: Tukima's Dance
  2014 | D:2      | Reached XP level 5. HP: 26/37 MP: 1/9
  2118 | D:2      | Killed Terence
  2364 | D:3      | Noticed an ogre
  2434 | D:3      | Killed an ogre
  2435 | D:3      | Reached skill level 5 in Hexes
  2435 | D:3      | Reached XP level 6. HP: 29/43 MP: 2/10
  3232 | D:3      | Found a runed translucent door.
  3483 | D:3      | Found a runed translucent door.
  3484 | D:3      | Noticed Demosthentine's ghost (amateur DsGl)
  3768 | D:3      | Got the Papyrus of Nauseating Glaciation
  3818 | D:3      | Reached XP level 7. HP: 17/50 MP: 2/11
  3824 | D:3      | Reached skill level 5 in Stealth
  4277 | D:4      | Found a staircase to the Ecumenical Temple.
  4311 | Temple   | Entered the Ecumenical Temple
  5085 | D:4      | Reached XP level 8. HP: 53/56 MP: 12/12
  5182 | D:4      | Found an ornate altar of the Wu Jian Council.
  5203 | D:4      | Learned a level 3 spell: Dazzling Flash
  5520 | D:5      | Entered Level 5 of the Dungeon
  5867 | D:5      | Reached skill level 1 in Conjurations
  6176 | D:5      | Noticed Eustachio
  6197 | D:5      | Reached skill level 1 in Evocations
  6879 | D:5      | Killed Eustachio
  6880 | D:5      | Reached XP level 9. HP: 59/61 MP: 9/13
  7411 | D:6      | Reached skill level 1 in Polearms
  7592 | D:6      | Noticed Edmund
  7608 | D:6      | Killed Edmund
  7898 | D:6      | Noticed a troll
  8119 | D:6      | Killed a troll
  8120 | D:6      | Reached skill level 5 in Polearms
  8246 | D:6      | Noticed a purple ugly thing
  8557 | D:6      | Noticed a gargoyle
  8592 | D:7      | Found a hazy altar of Hepliaklqana.
  8713 | D:7      | Found a basalt altar of Yredelemnul.
  8716 | D:7      | Found a glowing golden altar of the Shining One.
  8821 | D:7      | Found a sparkling altar of Nemelex Xobeh.
  8850 | D:7      | Reached XP level 10. HP: 39/67 MP: 8/14
  8918 | D:7      | Became a worshipper of Nemelex Xobeh the Trickster
  9012 | D:7      | Reached skill level 1 in Invocations
  9194 | D:7      | Noticed Menkaure
  9198 | D:7      | Killed Menkaure
  9271 | D:7      | Found a runed translucent gate.
  9271 | D:7      | Found a runed translucent gate.
  9273 | D:7      | Noticed a kobold demonologist
  9274 | D:7      | Noticed Darius099's ghost (novice MiFi)
  9275 | D:7      | Found a runed translucent gate.
  9469 | D:7      | Learned a level 4 spell: Fulminant Prism
  9499 | D:7      | Noticed a profane servitor
  9629 | D:7      | Found a snail-covered altar of Cheibriados.
  9813 | D:8      | Reached * piety under Nemelex Xobeh
 10098 | D:8      | Found a sand-covered staircase.
 10120 | Ossuary  | Entered an ossuary
 10471 | Ossuary  | Received a gift from Nemelex Xobeh
 10974 | D:9      | Noticed a kobold demonologist
 10978 | D:9      | Noticed a sun demon
 10989 | D:9      | Killed a kobold demonologist
 11023 | D:9      | Found a shimmering altar of Xom.
 11036 | D:9      | Noticed Harold
 11041 | D:9      | Noticed a sixfirhy
 11052 | D:9      | HP: 1/70 [sixfirhy (12)]
 11052 | D:9      | Mangled by a sixfirhy

Illustrated notes

Levels and vault maps discovered:
D:1:      lightli_arrival_noodles, layout_basic
D:2:      layout_rooms, minmay_bisected, uniq_jessica, uniq_terence
D:3:      cheibrodos_thug_alley, layout_basic, nicolae_gozag_seed_capital,
          ebering_ghost_sewer_f
D:4:      layout_rooms, nicolae_overflow_hidden_temple,
          minmay_temple_entry_wispy, chequers_big_river, minmay_three_crescents
D:5:      layout_basic, kennysheep_path_1, minmay_joined_circles, uniq_eustachio
D:6:      layout_loops_ring, eino_small_chamber_without_monster,
          hangedman_abyss_or_decor_jellyfish_corner, minmay_manual_mail,
          uniq_edmund
D:7:      layout_gridville, mainiacjoe_overflow_catwalk, slow_altar_2,
          mainiacjoe_overflow_tiny_flanked, grunt_temple_overflow_holy_war,
          gammafunk_ghost_nasty_kobolds, uniq_menkaure
D:8:      layout_basic, nicolae_ossuary_entry_ruins
D:9:      layout_basic, dk_xom_monty_hall, enter_bailey_2, serial_demonic,
          serial_demonic_b, serial_demonic_a, serial_demonic_f,
          serial_demonic_c, serial_demonic_b, uniq_maggie, uniq_harold
Temple:   dshaligram_water_room_temple

Skill      XL: |  1  2  3  4  5  6  7  8  9 10 |
---------------+-------------------------------+-----
Fighting       | 1 2 3 |  3.3
Ice Magic      | 2 |  2.0
Hexes          | 4 5 7 8 |  8.2
Spellcasting   | 3 |  3.0
Stealth        | 4 5 |  5.0
Dodging        | 3 4 |  4.8
Conjurations   | 3 4 |  4.2
Evocations     | 3 |  3.0
Polearms       | 6 8 |  8.7
Invocations    | 4 |  4.1
Short Blades   | |  1.0

Action                     |  1- 3 |  4- 6 |  7- 9 | 10-12 || total
---------------------------+-------+-------+-------+-------++-------
  Melee: Dagger            |   111 |   164 |   357 |   139 ||   771
         Punch             |       |       |     3 |     3 ||     6
         Halberd           |       |       |       |   105 ||   105
   Cast: Ensorcelled Hiber |    13 |    37 |     9 |     1 ||    60
         Tukima's Dance    |       |    12 |    19 |     8 ||    39
         Confusing Touch   |       |     6 |     5 |     2 ||    13
         Dazzling Flash    |       |       |     7 |    13 ||    20
 Invoke: Draw Escape       |       |       |       |     2 ||     2
         Draw Destruction  |       |       |       |     2 ||     2
         Draw Summoning    |       |       |       |     2 ||     2
  Evoke: Wand              |       |       |     6 |     2 ||     8
    Use: Potion            |       |       |     4 |       ||     4
         Scroll            |       |       |    16 |     6 ||    22
   Stab: Sleeping          |     8 |    24 |    14 |     9 ||    55
         Confused          |       |     2 |     3 |     2 ||     7
         Invisible         |       |       |     2 |     4 ||     6
 Armour: Robe              |    16 |    24 |    65 |       ||   105
         Troll leather arm |       |       |    19 |    51 ||    70
         Skin              |       |       |     1 |       ||     1
  Dodge: Dodged            |    72 |   102 |   301 |   237 ||   712

Table legend: (Time is in decaauts)
 A = Elapsed time spent in this place.
 B = Non-inter-level travel time spent in this place.
 C = Inter-level travel time spent in this place.
 D = Time resting spent in this place.
 E = Time spent auto-exploring this place.
 F = Levels seen in this place.
 G = Mean time per level.
                   A        B        C        D        E       F      G
               +--------+--------+--------+--------+--------+-----+--------+
         Total |  11062 |  10603 |    459 |   1730 |   5907 |  11 | 1005.6 |
       Dungeon |  10567 |  10128 |    439 |   1730 |   5629 |   9 | 1174.1 |
        Temple |     93 |     73 |     20 |      0 |     60 |   1 |   93.0 |
       Ossuary |    402 |    402 |      0 |      0 |    218 |   1 |  402.0 |
               +--------+--------+--------+--------+--------+-----+--------+

Top non-repeatable levels by time:
     D:5: 1917 daAuts
     D:3: 1907 daAuts
     D:1: 1263 daAuts
     D:2: 1226 daAuts
     D:7: 1216 daAuts
     D:4: 1211 daAuts
     D:6: 976 daAuts
     D:8: 628 daAuts
 Ossuary: 402 daAuts
     D:9: 217 daAuts
  Temple: 93 daAuts
